 Dungeon Crawl Stone Soup version 0.31.0-11-ge490571c62 (webtiles) character file.

Game seed: 3042374134319602980

55 mopl the Caller (level 3, 0/19 HPs)
             Began as a Tengu Summoner on Feb 6, 2024.
             Slain by a ribbon worm (4 damage)
             ... on level 2 of the Dungeon.
             The game lasted 00:01:47 (1197 turns).

mopl the Caller (Tengu Summoner)                    Turns: 1197, Time: 00:01:47

Health: 0/19       AC:  2    Str:  8    XL:     3   Next: 93%
Magic:  8/8        EV: 13    Int: 17    God:
Gold:   42         SH:  0    Dex: 20    Spells: 2/8 levels left

rFire   . . .        d - +0 dagger
rCold   . . .        (no shield)
rNeg    . . .        a - +0 robe
rPois   .            (helmet restricted)
rElec   .            (no cloak)
rCorr   .            (no gloves)
SInv    .            (boots unavailable)
Will    .....        (no amulet)
Stlth   ++           i - +6 ring of dexterity
HPRegen 0.23/turn    (no ring)
MPRegen 0.11/turn

%: acrobat
@: unable to call your familiar
A: beak, talons 3, acrobatic
a: no special abilities


You were on level 2 of the Dungeon.
You visited 1 branch of the dungeon, and saw 2 of its levels.

You collected 42 gold pieces.

Inventory:

Hand Weapons
 d - a +0 dagger (weapon)
Armour
 a - a +0 robe (worn)
Jewellery
 i - a +6 ring of dexterity (left hand)
 n - a ring of ice
Scrolls
 c - a scroll of enchant armour {unknown}
 e - a scroll of immolation {unknown}
 f - a scroll of blinking {unknown}
 h - 2 scrolls of vulnerability {unknown}
 l - a scroll of fear {unknown}
 o - a scroll of fog {unknown}
Potions
 b - a potion of magic
 g - a potion of berserk rage {unknown}
 j - a potion of resistance {unknown}
 k - a potion of curing {unknown}
 m - a potion of might {unknown}


   Skills:
 - Level 2.1 Dodging
 - Level 2.0 Stealth
 + Level 3.0 Spellcasting
 + Level 5.7 Summonings


You had 2 spell levels left.
You knew the following spells:

 Your Spells              Type           Power      Damage    Failure   Level
a - Summon Small Mammal   Summ           88%        N/A       1%          1
b - Call Imp              Summ           44%        N/A       2%          2
c - Call Canine Familiar  Summ           22%        N/A       4%          3

Your spell library contained the following spells:

 Spells                   Type           Power      Damage    Failure   Level
 Summon Blazeheart Golem  Fire/Summ      12%        N/A       47%         4
 Summon Lightning Spire   Summ/Air       12%        N/A       47%         4


Dungeon Overview and Level Annotations

Branches:
Dungeon (2/15)

Altars:

Annotations:
D:1 dig


Innate Abilities, Weirdness & Mutations

You have a beak for a mouth.
You have claws for feet.
You can magically evade attacks while moving or waiting.


Message History

The stream of webbing hits your inugami but does no damage.
Your inugami is caught in a web!
Your inugami struggles to get unstuck from the web.
The ribbon worm bites your inugami but does no damage.
Your inugami tears the web.
The ribbon worm expels a string of sticky webbing.
The stream of webbing hits your inugami but does no damage.
Your inugami is caught in a web!
Your inugami struggles to get unstuck from the web.
Your inugami tears the web.
The ribbon worm bites your inugami.
Your inugami closely misses the ribbon worm.
The ribbon worm bites your inugami!
Your inugami hits the ribbon worm but does no damage.
The ribbon worm bites your inugami.
Your inugami hits the ribbon worm.
The ribbon worm closely misses your inugami.
Your inugami hits the ribbon worm. Your inugami hits the ribbon worm.
The ribbon worm expels a string of sticky webbing.
The stream of webbing hits your inugami but does no damage.
Your inugami is caught in a web!
Your inugami struggles to get unstuck from the web.
The ribbon worm bites your inugami but does no damage.
Your inugami struggles to get unstuck from the web.
The ribbon worm bites your inugami.
Your inugami dies!
Your inugami disappears in a puff of smoke!
You hit the ribbon worm but do no damage.
You claw the ribbon worm.
The ribbon worm is severely wounded.
The ribbon worm bites you.
* * * LOW HITPOINT WARNING * * *
You hit the ribbon worm but do no damage.
You claw the ribbon worm.
The ribbon worm is almost dead.
The ribbon worm closely misses you.
You hit the ribbon worm but do no damage.
The ribbon worm is almost dead.
The ribbon worm bites you.
You die...

####................#
....................#
#####..............## #
##............## ####
##########..####### ....#
.#>....##..##
###########.....#
........#>##
#.........).....#
..........#
#..w.....##.....#
.........## ##.@....#.#
#####
.........#####.........#
......................##
.....................##
.....................#######
...........................#
....).........#..###.>......
..(.............###..[......
..#.#...........# #.........


You could see a ribbon worm.

Vanquished Creatures
  An adder (D:2)
  A ball python (D:1)
  6 bats
  5 endoplasms
  4 giant cockroaches
  3 goblins (D:1)
  4 hobgoblins (D:1)
  4 jackals (D:1)
  A quokka (D:1)
  3 frilled lizards (D:1)
  5 kobolds
  3 rats
40 creatures vanquished.

Notes
Turn   | Place    | Note
-------+----------+-------------------------------------------
     0 | D:1      | mopl the Tengu Summoner began the quest for the Orb.
     0 | D:1      | Reached XP level 1. HP: 10/10 MP: 4/4
   114 | D:1      | Reached skill level 5 in Summonings
   184 | D:1      | Reached XP level 2. HP: 12/15 MP: 6/6
   211 | D:1      | Learned a level 2 spell: Call Imp
   590 | D:1      | Reached XP level 3. HP: 18/19 MP: 7/7
   603 | D:1      | Learned a level 3 spell: Call Canine Familiar
  1074 | D:2      | Identified the +4 whip of the Wonderful God {distort,
                  | Str+5}
  1197 | D:2      | Slain by a ribbon worm

Illustrated notes

Levels and vault maps discovered:
D:1:      lightli_arrival_noodles, layout_basic, serial_bayou_ford_a,
          minmay_statues_item
D:2:      layout_rooms

Skill      XL: |  1  2  3 |
---------------+----------+-----
Summonings     | 5 |  5.7
Spellcasting   | 3 |  3.0
Dodging        | |  2.1
Stealth        | |  2.0

Action                     || total
---------------------------++-------
  Melee: Unarmed           ||    18
         Dagger            ||    88
         Kick              ||    23
         Peck              ||     8
   Cast: Call Canine Famil ||     1
   Stab: Sleeping          ||    13
         Distracted        ||     1
 Armour: Robe              ||    42
  Dodge: Dodged            ||    79
